 Dungeon Crawl Stone Soup version 0.21.0-24-g2553a33 (webtiles) character file.

1094 Suckerboh the Magician (level 8, -1/43 HPs)
             Began as a Deep Elf Fire Elementalist on Jan 19, 2018.
             Killed from afar by matthes123's ghost (21 damage)
             ... with a blast of rock fragments
             ... on level 6 of the Dungeon.
             The game lasted 00:12:05 (5892 turns).

Suckerboh the Magician (Deep Elf Fire Elementalist) Turns: 5892, Time: 00:12:06

Health: -1/43      AC:  4    Str:  5    XL:     8   Next: 9%
Magic:  6/21       EV: 14    Int: 23    God:
Gold:   80         SH:  0    Dex: 15    Spells: 8/21 levels left

rFire    . . .     SeeInvis .   z - staff of poison
rCold    . . .     Gourm    .   (no shield)
rNeg     . . .     Faith    .   g - +0 robe
rPois    +         Spirit   .   (no helmet)
rElec    .         Reflect  .   y - +0 cloak
rCorr    .         Harm     .   J - +0 pair of gloves
MR       +....                  (no boots)
Stlth    +.........             (no amulet)
HPRegen  0.14/turn              f - ring of protection from magic
MPRegen  0.17/turn              j - ring of loudness (curse)

@: no status effects
A: no striking features
a: no special abilities


You were on level 6 of the Dungeon.
You were not hungry.

You visited 1 branch of the dungeon, and saw 6 of its levels.
You also visited: Sewer.

You collected 223 gold pieces.
You spent 143 gold pieces at shops.

Inventory:

Hand Weapons
 a - a +2 whip of venom
 x - a +2 quarterstaff of chaos
Armour
 g - a +0 robe (worn)
 y - a +0 cloak (worn)
 J - a +0 pair of gloves (worn)
Magical Staves
 z - an uncursed staff of poison (weapon)
 K - an uncursed staff of fire {unknown}
Jewellery
 f - a ring of protection from magic (left hand)
 h - a +3 ring of strength
 j - a cursed ring of loudness (right hand)
 q - a cursed ring of teleportation {unknown}
 r - an uncursed ring of ice {unknown}
 u - an uncursed amulet of guardian spirit
 v - an uncursed ring of protection from fire {unknown}
 I - an uncursed ring of positive energy {unknown}
Wands
 p - a wand of iceblast (8)
 H - a wand of digging (4)
Scrolls
 d - 4 scrolls of remove curse {unknown}
 e - a scroll of enchant armour {unknown}
 k - 4 scrolls of identify {unknown}
 l - 4 scrolls of teleportation {unknown}
 m - a scroll of random uselessness {unknown}
 D - 2 scrolls of fear {unknown}
 E - a scroll of fog {unknown}
Potions
 i - a potion of invisibility {unknown}
 n - 4 potions of heal wounds
 o - a potion of resistance {unknown}
 s - a potion of mutation {unknown}
 w - a potion of ambrosia {unknown}
 A - a potion of curing
 C - a potion of haste {unknown}
 F - 3 potions of brilliance {unknown}
Books
 b - a book of Flames

   Spells                             Type                      Level
   a - Flame Tongue                   Conjuration/Fire             1
   b - Throw Flame                    Conjuration/Fire             2
   c - Conjure Flame                  Conjuration/Fire             3
   d - Inner Flame                    Hexes/Fire                   3
   e - Sticky Flame                   Conjuration/Fire             4
   f - Fireball                       Conjuration/Fire             5
 t - a book of Changes

   Spells                             Type                      Level
   a - Beastly Appendage              Transmutation                1
   b - Sticks to Snakes               Transmutation                2
   c - Spider Form                    Transmutation/Poison         3
   d - Ice Form                       Ice/Transmutation            4
   e - Blade Hands                    Transmutation                5
 B - a book of Frost

   Spells                             Type                      Level
   a - Freeze                         Ice                          1
   b - Throw Frost                    Conjuration/Ice              2
   c - Ozocubu's Armour               Charms/Ice                   3
   d - Throw Icicle                   Conjuration/Ice              4
   e - Summon Ice Beast               Ice/Summoning                4
 G - a book of the Warp

   Spells                             Type                      Level
   a - Gell's Gravitas                Translocation                3
   b - Portal Projectile              Hexes/Translocation          3
   c - Force Lance                    Conjuration/Translocation    4
   d - Dispersal                      Translocation                6
   e - Controlled Blink               Translocation                8
   f - Disjunction                    Translocation                8
Comestibles
 c - 9 rations


   Skills:
 + Level 1.0 Fighting
 + Level 3.7 Dodging
 - Level 2.4 Stealth
 + Level 7.3 Spellcasting
 * Level 6.5 Conjurations
 + Level 5.8 Fire Magic


You had 8 spell levels left.
You knew the following spells:

 Your Spells              Type           Power        Failure   Level  Hunger
a - Flame Tongue          Conj/Fire      #####        1%          1    None
b - Conjure Flame         Conj/Fire      #####...     1%          3    None
c - Sticky Flame          Conj/Fire      #####...     6%          4    ###....
d - Fireball              Conj/Fire      #####.....   16%         5    #####..


Dungeon Overview and Level Annotations

Branches:
Dungeon (6/15)
 Temple: D:4-7

Altars:
Ashenzari
Makhleb
Qazlal

Shops:
D:5 !

Annotations:
D:6 matthes123's ghost, novice GrEE


Message History

The quokka disappears in a puff of smoke!
You have reached level 8!
You feel clever. Matthes123's ghost hits you!
* * * LOW HITPOINT WARNING * * *
Matthes123's ghost freezes you.
* * * LOW HITPOINT WARNING * * *
Unknown command.
You feel much better.
Matthes123's ghost casts a spell at you.
The wall shatters!
The blast of rock fragments hits you!
You feel much better. Matthes123's ghost hits you!
Matthes123's ghost freezes you.
Matthes123's ghost gestures at you while chanting.
The wall shatters!
The blast of rock fragments hits you!
Things that are here:
an enchanted rapier; a leather armour; the human corpse of Eustachio Matthes123's ghost casts a spell past you.
The wall shatters!
The blast of rock fragments hits you!
You die...

#.# #.#### #....#
#....# ##...# #
##.########.#
#.###......###.
###.##.)......?..
#....@.W####$###.
#.#.#...# #
#.#......... #
###...#### ......
###..... #######


You could see matthes123's ghost.

Vanquished Creatures
  Eustachio (D:6)
  A black bear (D:6)
  A centaur (D:5)
  2 bullfrogs
  2 scorpions (D:4)
  A howler monkey (D:4)
  A crimson imp (D:5)
  A hound (D:5)
  A jelly (D:5)
  An orc priest (D:4)
  Crazy Yiuf (D:4)
  Ijyb (D:4)
  An orc wizard (D:4)
  3 worker ants
  A worker ant zombie (D:6)
  8 adders
  3 gnolls (D:2)
  A shadow imp (D:5)
  An adder zombie (D:6)
  5 worms
  2 dart slugs
  4 leopard geckos
  6 orcs
  3 ball pythons (Sewer)
  6 bats
  12 giant cockroaches
  6 goblins
  4 hobgoblins (D:2)
  12 jackals
  3 quokkas
  7 frilled lizards
  11 kobolds
  7 rats
  3 plants (Sewer)
123 creatures vanquished.

Notes
Turn   | Place    | Note
-------+----------+-------------------------------------------
     0 | D:1      | Suckerboh the Deep Elf Fire Elementalist began the quest for the Orb.
     0 | D:1      | Reached XP level 1. HP: 10/10 MP: 6/6
   303 | D:1      | Reached XP level 2. HP: 15/15 MP: 5/8
   981 | D:2      | Reached XP level 3. HP: 13/19 MP: 4/9
  1235 | D:2      | Reached XP level 4. HP: 24/24 MP: 0/11
  1536 | D:2      | Reached skill level 4 in Spellcasting
  1625 | D:2      | Learned a level 3 spell: Conjure Flame
  1630 | D:2      | Learned a level 4 spell: Sticky Flame
  2039 | D:3      | Found a burning altar of Makhleb.
  2081 | D:3      | Reached XP level 5. HP: 20/28 MP: 3/13
  2271 | D:3      | Found a stormy altar of Qazlal.
  2330 | D:3      | Found a shattered altar of Ashenzari.
  2708 | D:4      | Reached skill level 5 in Spellcasting
  2713 | D:4      | Reached XP level 6. HP: 33/33 MP: 11/15
  2939 | D:4      | Noticed Ijyb
  2948 | D:4      | Killed Ijyb
  2948 | D:4      | Reached skill level 5 in Fire Magic
  3455 | D:4      | Found a runed door.
  3783 | D:4      | Noticed Crazy Yiuf
  3786 | D:4      | Killed Crazy Yiuf
  3786 | D:4      | Reached skill level 5 in Conjurations
  3854 | D:5      | Entered Level 5 of the Dungeon
  3860 | D:5      | Reached XP level 7. HP: 37/37 MP: 14/17
  3922 | D:5      | Found Solaahuh's Distillery.
  3925 | D:5      | Bought a potion of heal wounds for 55 gold pieces
  3925 | D:5      | Bought a potion of curing for 33 gold pieces
  3925 | D:5      | Bought a potion of heal wounds for 55 gold pieces
  4259 | D:5      | Found a glowing drain.
  4263 | Sewer    | Entered a sewer
  4435 | Sewer    | Reached skill level 1 in Fighting
  4989 | D:5      | Reached skill level 6 in Spellcasting
  5175 | D:5      | Learned a level 5 spell: Fireball
  5849 | D:6      | Reached skill level 7 in Spellcasting
  5874 | D:6      | Noticed Eustachio
  5877 | D:6      | Noticed matthes123's ghost (novice GrEE)
  5887 | D:6      | Killed Eustachio
  5887 | D:6      | Reached XP level 8. HP: 27/43 MP: 5/21
  5892 | D:6      | Killed from afar by matthes123's ghost

Skill      XL: |  1  2  3  4  5  6  7 |
---------------+----------------------+-----
Conjurations   | 2 3 4 5 6 |  6.5
Fire Magic     | 4 5 |  5.8
Spellcasting   | 4 5 7 |  7.3
Dodging        | 3 |  3.7
Fighting       | 1 |  1.0
Stealth        | |  2.4

Action                   |  1- 3 |  4- 6 |  7- 9 || total
-------------------------+-------+-------+-------++-------
Melee: Dagger            |     2 |     4 |       ||     6
       Whip              |       |    29 |    97 ||   126
       Staff             |       |       |     2 ||     2
 Cast: Flame Tongue      |    45 |    98 |    68 ||   211
       Sticky Flame      |       |     4 |     7 ||    11
  Use: Potion            |       |       |     3 ||     3
 Stab: Sleeping          |       |     3 |     2 ||     5
  Eat: Chunk             |     1 |     9 |     5 ||    15
       Ration            |       |       |     1 ||     1
Armor: Robe              |     7 |     8 |    18 ||    33
Dodge: Dodged            |    20 |    51 |    62 ||   133
